 Dungeon Crawl Stone Soup version 0.29-a0-304-gb34f9e133a (webtiles) character file.

Game seed: 15848567973519430842

480 Ajdolov the Covert (level 7, 0/40 HPs)
             Began as a Kobold Brigand on Mar 26, 2022.
             Slain by a phantom (3 damage)
             ... on level 4 of the Dungeon.
             The game lasted 00:05:13 (4670 turns).

Ajdolov the Covert (Kobold Brigand)                 Turns: 4670, Time: 00:05:13

Health: 0/40       AC: 11    Str:  6 (8)  XL:     7   Next: 34%
Magic:  0/7        EV: 14    Int: 13      God:
Gold:   244        SH:  0    Dex: 16 (18) Spells: 6/6 levels left

rFire   . . .      SeeInvis .   k - +2 dagger (protect)
rCold   . . .      Faith    .   (no shield)
rNeg    . . .      Spirit   +   b - +0 robe
rPois   .          Reflect  .   (no helmet)
rElec   .          Harm     .   c - +0 cloak
rCorr   .          Rampage  .   (no gloves)
Will    .....                   o - +0 pair of boots
Stlth   +++++.....              f - amulet of guardian spirit
HPRegen 0.13/turn               (no ring)
MPRegen 0.10/turn               (no ring)

@: under a protective aura, flying
A: small, no large weapons, nightstalker 3
a: no special abilities


You were on level 4 of the Dungeon.
You visited 1 branch of the dungeon, and saw 4 of its levels.

You collected 244 gold pieces.

Inventory:

Hand Weapons
 k - a +2 dagger of protection (weapon)
Missiles
 d - 9 poisoned darts (quivered)
 e - 3 curare-tipped darts
Armour
 b - a +0 robe (worn)
 c - a +0 cloak (worn)
 o - a +0 pair of boots (worn)
Jewellery
 f - an amulet of guardian spirit (around neck)
Scrolls
 a - a scroll of noise {unknown}
 g - a scroll of summoning {unknown}
 h - 3 scrolls of teleportation {unknown}
 j - a scroll of immolation {unknown}
 l - 2 scrolls of amnesia {unknown}
 m - a scroll of fog {unknown}
 p - 2 scrolls of identify {unknown}


   Skills:
 - Level 2.1 Fighting
 + Level 6.1 Short Blades
 - Level 2.1 Throwing
 - Level 1.2 Dodging
 - Level 10.0 Stealth


You had 6 spell levels left.
You didn't know any spells.
Your spell library contained the following spells:

 Spells                   Type           Power      Damage    Failure   Level
 Magic Dart               Conj           0%         1d3       30%         1
 Searing Ray              Conj           0%         2d4       43%         2
 Fulminant Prism          Conj/Hex       0%         3d6       97%         4


Dungeon Overview and Level Annotations

Branches:
Dungeon (4/15)
 Temple: D:4-7

Altars:
Nemelex Xobeh
Sif Muna
Xom

Annotations:
D:4 2 transporters, manifold's ghost, amateur TrEE


Innate Abilities, Weirdness & Mutations

You are small and have problems with some larger weapons.
You are completely attuned to the shadows.


Message History

You hit the phantom. Your punch misses the phantom.
The phantom is heavily damaged.
The phantom hits you.
You hit the phantom but do no damage.
The phantom is heavily damaged.
You hit the phantom but do no damage.
The phantom is heavily damaged.
The phantom misses you.
You hit the phantom but do no damage. Your punch misses the phantom.
The phantom is heavily damaged.
The phantom misses you.
You barely miss the phantom.
The phantom is heavily damaged.
You hit the phantom.
The phantom is severely damaged.
The phantom misses you.
You barely miss the phantom.
The phantom is severely damaged.
The phantom hits you.
* * * LOW HITPOINT WARNING * * *
You hit the phantom but do no damage.
The phantom is severely damaged.
The phantom hits you.
* * * LOW HITPOINT WARNING * * *
The phantom blinks!
You blink.
You barely miss the phantom.
The phantom is severely damaged.
You miss the phantom.
The phantom is severely damaged.
The phantom hits you.
* * * LOW HITPOINT WARNING * * *
You hit the phantom.
The phantom is severely damaged.
The phantom hits you.
* * * LOW HITPOINT WARNING * * *
The phantom blinks!
You blink.
It was a potion of flight.
You feel very buoyant.
You fly up into the air.
The phantom hits you.
You die...

#####..# #...#..#
####.#.#..#
#....#.#..#
#§####....#
..#####§# ###..#
#...†W@.# #..#
#.############..#
........#
..###...#
#.......# ###...#
#.......# #...###
#.......# #.#.#
### #.......#
..##'### ##.##
.........
.......#####....


You could see a phantom.

Vanquished Creatures
  A phantom (D:4)
  A scorpion (D:4)
  A hound (D:4)
  An orc priest (D:3)
  2 jellies (D:2)
  2 iguanas (D:4)
  4 adders
  A white imp (D:3)
  2 worms
  4 dart slugs
  6 orcs
  19 endoplasms
  3 giant cockroaches
  9 goblins
  7 hobgoblins
  9 jackals
  12 kobolds
  7 quokkas
  3 ball pythons
  5 bats
  3 frilled lizards
  5 rats
107 creatures vanquished.

Vanquished Creatures (others)
  9 toadstools (D:2)
9 creatures vanquished.

Grand Total: 116 creatures vanquished

Notes
Turn   | Place    | Note
-------+----------+-------------------------------------------
     0 | D:1      | Ajdolov the Kobold Brigand began the quest for the Orb.
     0 | D:1      | Reached XP level 1. HP: 12/12 MP: 1/1
   177 | D:1      | Reached XP level 2. HP: 16/17 MP: 2/2
   336 | D:1      | Reached skill level 6 in Stealth
   550 | D:1      | Reached XP level 3. HP: 21/21 MP: 3/3
  1170 | D:2      | Found a faded altar of an unknown god.
  1837 | D:2      | Reached XP level 4. HP: 26/26 MP: 4/4
  1970 | D:2      | Reached skill level 7 in Stealth
  2238 | D:2      | Reached XP level 5. HP: 25/30 MP: 5/5
  2414 | D:2      | Reached skill level 8 in Stealth
  2807 | D:3      | Found a shimmering altar of Xom.
  2858 | D:3      | Found a sparkling altar of Nemelex Xobeh.
  2861 | D:3      | Found a shimmering blue altar of Sif Muna.
  2939 | D:3      | Reached XP level 6. HP: 5/35 MP: 6/6
  3607 | D:3      | Reached skill level 5 in Short Blades
  4104 | D:4      | Reached skill level 9 in Stealth
  4362 | D:4      | Reached XP level 7. HP: 40/40 MP: 7/7
  4440 | D:4      | Found a transporter.
  4468 | D:4      | Found a transporter.
  4468 | D:4      | Noticed manifold's ghost (amateur TrEE)
  4628 | D:4      | Reached skill level 10 in Stealth
  4670 | D:4      | Slain by a phantom

Illustrated notes

Levels and vault maps discovered:
D:1:      dpeg_arrival_another_circle, layout_loops_ring,
          hangedman_decor_slide_cut
D:2:      cheibrodos_fertilizer, layout_loops_corners,
          ebering_ecumenical_altar_abandoned
D:3:      layout_loops_cross, xom_teletrap_fun, jmf_multi_god_temple,
          serial_co_window_serial, co_window_paths_a, co_window_corner_a,
          co_window_paths_a, co_window_paths_a, co_window_paths_b,
          co_window_2corner, co_window_broadway_c, co_window_corner_ca,
          co_window_unsneaky_path_c, co_window_broadway_a, co_window_broadway_c,
          glass_columns_c, glass_columns_b, glass_columns_b, glass_columns_c,
          glass_columns_c
D:4:      minmay_angry_zag, layout_basic, gammafunk_ghost_arena,
          uniq_crazy_yiuf_cottage

Skill      XL: |  1  2  3  4  5  6  7 |
---------------+----------------------+-----
Short Blades   | 3 4 5 6 |  6.1
Stealth        | 6 7 8 9 10 | 10.0
Fighting       | |  2.1
Throwing       | |  2.1
Dodging        | |  1.2

Action                   |  1- 3 |  4- 6 |  7- 9 || total
-------------------------+-------+-------+-------++-------
Melee: Dagger            |    87 |   141 |    90 ||   318
       Punch             |     1 |       |     1 ||     2
Throw: Dart              |       |     4 |       ||     4
  Use: Potion            |       |     2 |     1 ||     3
 Stab: Sleeping          |    18 |    26 |     7 ||    51
Armor: Robe              |     8 |    34 |    10 ||    52
Dodge: Dodged            |    46 |    56 |    38 ||   140

Table legend: (Time is in decaauts)
 A = Elapsed time spent in this place.
 B = Non-inter-level travel time spent in this place.
 C = Inter-level travel time spent in this place.
 D = Time resting spent in this place.
 E = Time spent auto-exploring this place.
 F = Levels seen in this place.
 G = Mean time per level.
                   A        B        C        D        E       F      G
               +--------+--------+--------+--------+--------+-----+--------+
         Total |   4595 |   4540 |     55 |    670 |   3131 |   4 | 1148.8 |
       Dungeon |   4595 |   4540 |     55 |    670 |   3131 |   4 | 1148.8 |
               +--------+--------+--------+--------+--------+-----+--------+

Top non-repeatable levels by time:
     D:2: 1589 daAuts
     D:3: 1394 daAuts
     D:1: 1071 daAuts
     D:4: 539 daAuts
